 Dungeon Crawl Stone Soup version 0.31-a0-210-gccc998df9b (webtiles) character file.

Game seed: 5812137651969514023

1388 Conn the Magician (level 8, -1/46 HPs)
             Began as an Octopode Fire Elementalist on June 29, 2023.
             Slain by an orc priest
             ... wielding a +0 short sword
              (6 damage)
             ... on level 4 of the Dungeon.
             The game lasted 00:14:33 (5455 turns).

Conn the Magician (Octopode Fire Elementalist)      Turns: 5455, Time: 00:14:33

Health: -1/46      AC:  1    Str:  4 (7)  XL:     8   Next: 67%
Magic:  0/18       EV: 12    Int: 18 (20) God:
Gold:   296        SH:  0    Dex:  7 (10) Spells: 14/20 levels left

rFire   . . .        p - +1 dagger (flame)
rCold   . . .        (no shield)
rNeg    . . .        (helmet restricted)
rPois   .            c - amulet of guardian spirit
rElec   .            (no ring)
rCorr   .            (no ring)
SInv    .            (no ring)
Will    .....        (no ring)
Stlth   +++          (no ring)
HPRegen 0.27/turn    (no ring)
MPRegen 0.16/turn    (no ring)
                     (no ring)

%: guardian spirit
@: mighty, brilliant, unable to read
A: almost no armour, amphibious, 8 rings, camouflage 1, gelatinous body 1,
(nimble swimmer 1), tentacles, clumsy 1, inability to read after injury 1
a: no special abilities


You were on level 4 of the Dungeon.
You visited 1 branch of the dungeon, and saw 7 of its levels.
You also visited: Ossuary.

You collected 296 gold pieces.

Inventory:

Hand Weapons
 b - a +0 dagger
 j - a +0 rapier
 p - a +1 dagger of flaming (weapon)
Magical Staves
 k - a staff of poison
Jewellery
 c - an amulet of guardian spirit (around mantle)
Scrolls
 d - a scroll of fog
 e - a scroll of enchant armour
 f - a scroll of revelation
 h - 3 scrolls of teleportation
 r - a scroll of silence
Potions
 a - a potion of magic
 m - 2 potions of curing


   Skills:
 - Level 2.0 Dodging
 - Level 2.6 Stealth
 + Level 6.7 Spellcasting
 + Level 5.8 Conjurations
 * Level 5.7 Fire Magic


You had 14 spell levels left.
You knew the following spells:

 Your Spells              Type           Power      Damage    Failure   Level
a - Foxfire               Conj/Fire      100%       2x1d9     1%          1
b - Scorch                Fire           80%        2d8       1%          2
c - Inner Flame           Hex/Fire       24%        N/A       11%         3

Your spell library contained the following spells:

 Spells                   Type           Power      Damage    Failure   Level
 Volatile Blastmotes      Fire/Tloc      48%        2d14      11%         3
 Flame Wave               Conj/Fire      40%        2d11      11%         4


Dungeon Overview and Level Annotations

Branches:
Dungeon (7/15)            Ossuary (visited)
 Temple: D:4-7

Altars:
Ashenzari
Zin

Shops:
D:2 (   D:6 ?


Innate Abilities, Weirdness & Mutations

You cannot wear most types of armour.
You are amphibious.
You can wear up to eight rings at the same time.
Your skin changes colour to match your surroundings (Stealth+).
Your rubbery body absorbs attacks. (AC +1, EV +1)
((You are camouflaged when in or above water. (Stealth+)))
You have tentacles for arms and can constrict up to eight enemies at once.
You are clumsy. (Dex -2)
You occasionally lose the ability to read scrolls when taking damage.


Message History

The orc priest calls upon Beogh to heal the orc warrior.
The orc warrior is healed somewhat.
You barely miss the orc priest. Your squeeze misses the orc priest.
The orc priest is heavily wounded.
The orc warrior hits you from afar with a +0 trident!
You feel threatened and lose the ability to read scrolls!
The orc priest hits you with a +0 short sword.
* * * LOW HITPOINT WARNING * * *
Unknown command.
Unknown command.
Unknown command.
It was a potion of might.
You feel very mighty all of a sudden.
You feel less invigorated.
You feel less confused.
The orc warrior hits you from afar with a +0 trident!
* * * LOW HITPOINT WARNING * * *
The orc priest hits you with a +0 short sword.
* * * LOW HITPOINT WARNING * * *
You feel better. The orc warrior barely misses you.
The orc priest invokes the aid of Beogh against you.
Beogh smites you!
* * * LOW HITPOINT WARNING * * *
Okay, then.
You cannot read scrolls in your current state!
Unknown command.
You feel better.
The orc warrior hits you from afar with a +0 trident.
* * * LOW HITPOINT WARNING * * *
The orc priest hits you with a +0 short sword.
* * * LOW HITPOINT WARNING * * *
You feel better.
The orc warrior hits you from afar with a +0 trident!
* * * LOW HITPOINT WARNING * * *
The orc priest looks braver for a moment.
You feel better.
The orc warrior hits you from afar with a +0 trident!
* * * LOW HITPOINT WARNING * * *
The orc priest hits you with a +0 short sword.
You die...

.# #........ ..# .#
#.....### ### .########
......## ........#
#...... ........#
#.....# ........#
###.....# ........###
.......# #####
..........#
######o.....# #....
..........#
#.oo@#o.....#####....
..#####...###..###.o#
#.......
#..####...'.....##..#
#.......
##........###...oo..#
#†......
#######...######..###
#....... ...#
#.............. #.......
##.# #..........#####
#.......
.#.####..............#.#
#.......
.......##........##....#
#....###


You could see an orc warrior and an orc priest.

Vanquished Creatures
  Maggie (D:7)
  Sigmund (D:3)
  A water moccasin (D:4)
  A sky beast (D:4)
  An ogre (D:4)
  2 centaurs (D:7)
  An elf zombie (Ossuary)
  A scorpion (D:6)
  Jessica (D:3)
  Natasha (thrice) (D:3)
  An orc wizard (D:7)
  3 mummies (Ossuary)
  4 gnolls (D:4)
  6 adders
  A river rat (D:4)
  A white imp (D:7)
  An ufetubus (D:4)
  An adder zombie (Ossuary)
  6 worms
  11 orcs
  11 ball pythons
  5 endoplasms
  6 giant cockroaches
  5 goblins
  4 hobgoblins
  4 jackals (D:4)
  3 kobolds
  3 quokkas
  5 bats
  3 frilled lizards
  3 goblin zombies (Ossuary)
  5 hobgoblin zombies (Ossuary)
  3 kobold zombies (Ossuary)
  An orc zombie (Ossuary)
  3 rats
  4 rat zombies (Ossuary)
116 creatures vanquished.

Vanquished Creatures (others)
  309 foxfires
309 creatures vanquished.

Grand Total: 425 creatures vanquished

Notes
Turn   | Place    | Note
-------+----------+-------------------------------------------
     0 | D:1      | Conn the Octopode Fire Elementalist began the quest for the
                  | Orb.
     0 | D:1      | Reached XP level 1. HP: 11/11 MP: 3/3
   183 | D:1      | Reached XP level 2. HP: 17/17 MP: 1/5
   275 | D:1      | Found a faded altar of an unknown god.
   664 | D:2      | Learned a level 2 spell: Scorch
   670 | D:2      | Identified the +5 scale mail of Morality {Fly rF- Int+3}
   701 | D:2      | Reached XP level 3. HP: 21/21 MP: 3/6
   747 | D:2      | Found Ykebe's Antique Weapon Shop.
  1158 | D:2      | Learned a level 3 spell: Inner Flame
  1620 | D:3      | Noticed Jessica
  1625 | D:3      | Killed Jessica
  1626 | D:3      | Reached skill level 3 in Spellcasting
  1626 | D:3      | Reached XP level 4. HP: 27/27 MP: 2/8
  2092 | D:3      | Noticed Natasha
  2097 | D:3      | Killed Natasha
  2098 | D:3      | Reached XP level 5. HP: 31/31 MP: 1/10
  2354 | D:3      | Noticed Natasha
  2360 | D:3      | Killed Natasha
  2526 | D:3      | Noticed Sigmund
  2536 | D:3      | Killed Sigmund
  2537 | D:3      | Reached skill level 4 in Spellcasting
  2537 | D:3      | Reached XP level 6. HP: 36/36 MP: 1/12
  2782 | D:3      | Noticed Natasha
  2810 | D:3      | Killed Natasha
  3121 | D:4      | Reached skill level 5 in Conjurations
  3121 | D:4      | Reached XP level 7. HP: 41/41 MP: 9/14
  3301 | D:4      | Reached skill level 5 in Spellcasting
  3469 | D:4      | You fall into a shaft and drop 3 floors!
  3515 | D:7      | Noticed Maggie
  3531 | D:7      | Killed Maggie
  3532 | D:7      | Reached skill level 6 in Spellcasting
  3532 | D:7      | Reached XP level 8. HP: 15/46 MP: 0/17
  3718 | D:7      | Found a sand-covered staircase.
  3745 | Ossuary  | Entered an ossuary
  3983 | Ossuary  | Reached skill level 5 in Fire Magic
  4426 | D:6      | Found Efeytovi's Magic Scroll Shop.
  4504 | D:5      | Entered Level 5 of the Dungeon
  4543 | D:5      | Found a glowing silver altar of Zin.
  4544 | D:5      | Found a broken altar of Ashenzari.
  4904 | D:4      | Gained mutation: You are clumsy. (Dex -2) [potion of
                  | mutation]
  4904 | D:4      | Gained mutation: You are robust. (+10% HP) [potion of
                  | mutation]
  4904 | D:4      | Gained mutation: You are vulnerable to heat. (rF-) [potion
                  | of mutation]
  4904 | D:4      | Gained mutation: You expend magic power (3 MP) to
                  | strengthen your wands. [potion of mutation]
  4905 | D:4      | Lost mutation: You expend magic power (3 MP) to strengthen
                  | your wands. [potion of mutation]
  4905 | D:4      | Lost mutation: You are vulnerable to heat. (rF-) [potion of
                  | mutation]
  4905 | D:4      | Lost mutation: You are robust. (+10% HP) [potion of
                  | mutation]
  4905 | D:4      | Gained mutation: Your flesh is cold resistant. (rC+)
                  | [potion of mutation]
  4905 | D:4      | Lost mutation: Your flesh is cold resistant. (rC+) [potion
                  | of mutation]
  4905 | D:4      | Gained mutation: You occasionally lose the ability to read
                  | scrolls when taking damage. [potion of mutation]
  5455 | D:4      | Slain by an orc priest

Illustrated notes

Levels and vault maps discovered:
D:1:      dpeg_arrival_tiny_k, layout_rooms,
          shapermc_ecumenical_altar_flowoftime
D:2:      layout_basic, serial_shops, shop
D:3:      layout_loops_ring, st_stairs_8, kennysheep_cross_bottleneck,
          uniq_natasha, uniq_sigmund, uniq_jessica
D:4:      layout_basic, portal_sewer_entry_a
D:5:      layout_basic, nicolae_overflow_squiral,
          minmay_temple_entry_statues_fountains
D:6:      minmay_evil_eye, layout_cave_pools, elyvilon_altar_5, serial_shops,
          nicolae_shop_trees
D:7:      layout_loops_cross, nicolae_ossuary_entry_false_entrances,
          uniq_maggie, uniq_pikel

Skill      XL: |  1  2  3  4  5  6  7  8 |
---------------+-------------------------+-----
Conjurations   | 2 3 4 5 |  5.8
Spellcasting   | 3 4 6 |  6.7
Fire Magic     | 4 5 |  5.7
Dodging        | |  2.0
Stealth        | |  2.6

Action                     |  1- 3 |  4- 6 |  7- 9 || total
---------------------------+-------+-------+-------++-------
  Melee: Dagger            |    36 |     4 |    69 ||   109
         Constrict         |    12 |     5 |    12 ||    29
         Tentacles         |    13 |     5 |    13 ||    31
         Punch             |     1 |     1 |       ||     2
         Staff             |     4 |    21 |       ||    25
   Cast: Foxfire           |    44 |    36 |    97 ||   177
         Scorch            |     2 |    12 |    21 ||    35
         Inner Flame       |       |       |     1 ||     1
    Use: Potion            |       |     2 |    12 ||    14
         Scroll            |       |       |    11 ||    11
   Stab: Sleeping          |     4 |     3 |     1 ||     8
 Armour: Skin              |     2 |     4 |    24 ||    30
  Dodge: Dodged            |    14 |    32 |    56 ||   102

Table legend: (Time is in decaauts)
 A = Elapsed time spent in this place.
 B = Non-inter-level travel time spent in this place.
 C = Inter-level travel time spent in this place.
 D = Time resting spent in this place.
 E = Time spent auto-exploring this place.
 F = Levels seen in this place.
 G = Mean time per level.
                   A        B        C        D        E       F      G
               +--------+--------+--------+--------+--------+-----+--------+
         Total |   5455 |   5370 |     85 |    376 |   3782 |   8 |  681.9 |
       Dungeon |   4918 |   4833 |     85 |     29 |   3782 |   7 |  702.6 |
       Ossuary |    537 |    537 |      0 |    347 |      0 |   1 |  537.0 |
               +--------+--------+--------+--------+--------+-----+--------+

Top non-repeatable levels by time:
     D:3: 1427 daAuts
     D:4: 1309 daAuts
     D:2: 958 daAuts
     D:1: 659 daAuts
 Ossuary: 537 daAuts
     D:7: 418 daAuts
     D:6: 77 daAuts
     D:5: 66 daAuts
